 Dungeon Crawl Stone Soup version 0.21.1-1-g345015f (webtiles) character file.

49 SpeedyPerson7 the Grave Robber (level 3, 0/25 HPs)
             Began as a Gnoll Necromancer on Mar 30, 2018.
             Slain by Sigmund
             ... wielding a +0 scythe
              (10 damage)
             ... on level 2 of the Dungeon.
             The game lasted 00:03:45 (439 turns).

SpeedyPerson7 the Grave Robber (Gnoll Necromancer)   Turns: 439, Time: 00:03:46

Health: 0/25       AC:  2    Str: 10    XL:     3   Next: 77%
Magic:  0/9        EV: 14    Int: 18    God:
Gold:   48         SH:  0    Dex: 15    Spells: 4/12 levels left

rFire    . . .     SeeInvis .   h - +0 spear
rCold    . . .     Gourm    .   (no shield)
rNeg     . . .     Faith    .   a - +0 robe
rPois    .         Spirit   .   (no helmet)
rElec    .         Reflect  .   (no cloak)
rCorr    .         Harm     .   (no gloves)
MR       .....                  (no boots)
Stlth    +++.......             (no amulet)
HPRegen  0.08/turn              (no ring)
MPRegen  0.11/turn              (no ring)

@: no status effects
A: distributed training, fangs 1, strong nose
a: no special abilities


You were on level 2 of the Dungeon.
You were not hungry.

You visited 1 branch of the dungeon, and saw 3 of its levels.

You collected 48 gold pieces.

Inventory:

Hand Weapons
 h - a +0 spear (weapon)
Armour
 a - a +0 robe (worn)
Scrolls
 g - a scroll of teleportation {unknown}
 i - a scroll of identify
 k - a scroll of fear {unknown}
 l - a scroll of remove curse {unknown}
 p - 3 scrolls of immolation {unknown}
Potions
 c - a potion of curing
 f - a potion of ambrosia {unknown}
 j - a potion of degeneration {unknown}
 m - a potion of might {unknown}
 n - a potion of lignification {unknown}
 o - 2 potions of haste {unknown}
Books
 b - a book of Necromancy

   Spells                             Type                      Level
   a - Pain                           Necromancy                   1
   b - Animate Skeleton               Necromancy                   1
   c - Vampiric Draining              Necromancy                   3
   d - Regeneration                   Charms/Necromancy            3
   e - Animate Dead                   Necromancy                   4
   f - Borgnjor's Vile Clutch         Necromancy/Earth             5
Comestibles
 d - 2 chunks of flesh
 e - 2 rations


   Skills:
 + Level 0.9 Fighting
 + Level 0.9 Short Blades
 + Level 0.9 Long Blades
 + Level 0.9 Axes
 + Level 0.9 Maces & Flails
 + Level 0.9 Polearms
 + Level 0.9 Staves
 + Level 0.9 Slings
 + Level 0.9 Bows
 + Level 0.9 Crossbows
 + Level 0.9 Throwing
 + Level 0.9 Armour
 + Level 4.5 Dodging
 + Level 4.2 Stealth
 + Level 0.9 Shields
 + Level 0.9 Unarmed Combat
 + Level 5.0 Spellcasting
 + Level 0.6 Conjurations
 + Level 0.6 Hexes
 + Level 0.6 Charms
 + Level 0.6 Summonings
 + Level 7.1 Necromancy
 + Level 0.6 Translocations
 + Level 0.6 Transmutations
 + Level 0.6 Fire Magic
 + Level 0.6 Ice Magic
 + Level 0.6 Air Magic
 + Level 0.6 Earth Magic
 + Level 0.6 Poison Magic
 + Level 1.0 Invocations
 + Level 0.9 Evocations


You had 4 spell levels left.
You knew the following spells:

 Your Spells              Type           Power        Failure   Level  Hunger
a - Pain                  Necr           ####         1%          1    None
d - Vampiric Draining     Necr           ####......   1%          3    ##.....
r - Regeneration          Chrm/Necr      ###.......   9%          3    ##.....
Q - Animate Skeleton      Necr           N/A          1%          1    None


Dungeon Overview and Level Annotations

Branches:
Dungeon (3/15)

Altars:
Dithmenos
Gozag
Qazlal

Annotations:
D:2 Sigmund


Innate Abilities, Weirdness & Mutations

Your experience applies equally to all skills.
You have very sharp teeth.
Your uncanny sense of smell can sniff out nearby items.


Message History

Press: ? - help, Shift-Dir - straight line, f/p - Sigmund
Aim: Sigmund, wielding a scythe and wearing a robe (almost dead, chance to defeat MR: 89%) Sigmund writhes in agony!
The giant cockroach completely misses you.
Sigmund barely misses you.
The giant cockroach bites you but does no damage.
Your leopard gecko skeleton bites the giant cockroach.
The giant cockroach dies!
A kobold comes into view.
You barely miss Sigmund.
Sigmund is almost dead.
Sigmund closely misses you.
You hit Sigmund but do no damage.
Sigmund is almost dead.
The kobold moves out of view.
Your leopard gecko skeleton bites Sigmund.
You completely miss Sigmund. Your bite misses Sigmund.
Sigmund is almost dead.
Sigmund hits you with a scythe!
You die...

# # ≈≈≈♣P #. #. .≈≈≈
###.# #.#####.≈P
..... #.......P
#.... #....... #.#.#
#......# #.#.#
#...Z@# #.#..
#...@.# #.##.
###.### ### #.##.
#.# ####.#####†)..
##.## #...#.........
#...###.##.##.######
#........#.##.#
#...##.#...##.#
######...####.#
##.... ..#


You could see Sigmund and a friendly leopard gecko skeleton.

Vanquished Creatures
  2 adders (D:2)
  A worm (D:2)
  A leopard gecko (D:2)
  A goblin (D:2)
  3 hobgoblins
  3 bats (D:1)
  6 kobolds
  2 rats (D:2)
19 creatures vanquished.

Vanquished Creatures (collateral kills)
  An adder (D:2)
  2 giant cockroaches (D:2)
  A bat (D:2)
  A rat (D:2)
5 creatures vanquished.

Grand Total: 24 creatures vanquished

Notes
Turn   | Place    | Note
-------+----------+-------------------------------------------
     0 | D:1      | SpeedyPerson7 the Gnoll Necromancer began the quest for the Orb.
     0 | D:1      | Reached XP level 1. HP: 13/13 MP: 6/6
    12 | D:1      | Learned a level 1 spell: Animate Skeleton
   113 | D:1      | Reached XP level 2. HP: 18/19 MP: 5/7
   207 | D:2      | Found an opulent altar of Gozag.
   242 | D:2      | Reached XP level 3. HP: 17/25 MP: 6/9
   253 | D:2      | Learned a level 3 spell: Regeneration
   319 | D:2      | Found a shadowy altar of Dithmenos.
   319 | D:2      | Found a stormy altar of Qazlal.
   325 | D:2      | Reached skill level 5 in Spellcasting
   356 | D:2      | Reached skill level 1 in Invocations
   424 | D:2      | Noticed Sigmund
   430 | D:2      | Learned a level 3 spell: Vampiric Draining
   439 | D:2      | Slain by Sigmund

Skill      XL: |  1  2  3 |
---------------+----------+-----
Spellcasting   | 5 |  5.0
Invocations    | 1 |  1.0
Fighting       | |  0.9
Short Blades   | |  0.9
Long Blades    | |  0.9
Axes           | |  0.9
Maces & Flails | |  0.9
Polearms       | |  0.9
Staves         | |  0.9
Slings         | |  0.9
Bows           | |  0.9
Crossbows      | |  0.9
Throwing       | |  0.9
Armour         | |  0.9
Dodging        | |  4.5
Stealth        | |  4.2
Shields        | |  0.9
Unarmed Combat | |  0.9
Conjurations   | |  0.6
Hexes          | |  0.6
Charms         | |  0.6
Summonings     | |  0.6
Necromancy     | |  7.1
Translocations | |  0.6
Transmutations | |  0.6
Fire Magic     | |  0.6
Ice Magic      | |  0.6
Air Magic      | |  0.6
Earth Magic    | |  0.6
Poison Magic   | |  0.6
Evocations     | |  0.9

Action                   || total
-------------------------++-------
Melee: Unarmed           ||     3
       Spear             ||    25
       Bite              ||     5
 Cast: Pain              ||    31
       Animate Skeleton  ||     5
       Regeneration      ||     2
       Vampiric Draining ||     1
  Use: Scroll            ||     1
       Potion            ||     1
 Stab: Sleeping          ||     2
Armor: Robe              ||     6
Dodge: Dodged            ||    44
